 Dungeon Crawl Stone Soup version 0.32-a0-314-g526f7d4993 (webtiles) character file.

Game seed: 15316139291678868332

2189 anacleto the Skirmisher (level 9, -6/42 HPs)
             Began as a Spriggan Hunter on Feb 15, 2024.
             Killed from afar by a steam dragon (16 damage)
             ... with a ball of steam
             ... on level 6 of the Dungeon on Feb 16, 2024.
             The game lasted 00:29:53 (6784 turns).

anacleto the Skirmisher (Spriggan Hunter)           Turns: 6784, Time: 00:29:54

Health: -6/42      AC:  2    Str:  7    XL:     9   Next: 12%
Magic:  10/10      EV: 19    Int: 11    God:
Gold:   348        SH:  0    Dex: 22    Spells: 8/8 levels left

rFire   . . .        a - +0 shortbow
rCold   . . .        (shield currently unavailable)
rNeg    . . .        c - +0 robe
rPois   .            (helmet restricted)
rElec   .            (no cloak)
rCorr   .            (gloves unavailable)
SInv    +            (boots unavailable)
Will    +....        (no amulet)
Stlth   +++          (no ring)
HPRegen 0.27/turn    (no ring)
MPRegen 0.12/turn

%: no passive effects
@: very quick
A: very small, no large weapons, unfitting armour, see invisible, speed 3
a: no special abilities


You were on level 6 of the Dungeon.
You visited 1 branch of the dungeon, and saw 6 of its levels.

You collected 408 gold pieces.
You spent 60 gold pieces at shops.

Inventory:

Hand Weapons
 a - a +0 shortbow (weapon)
Missiles
 d - 6 curare-tipped darts
Armour
 c - a +0 robe (worn)
Wands
 i - a wand of light (8)
 l - a wand of charming (8)
Scrolls
 b - a scroll of butterflies
 e - a scroll of revelation
 j - 4 scrolls of identify
 m - a scroll of enchant armour
 n - a scroll of teleportation
Potions
 f - 2 potions of enlightenment
 g - 2 potions of curing
 h - a potion of berserk rage {unknown}
 k - a potion of heal wounds


   Skills:
 - Level 2.0 Fighting
 + Level 12.4 Ranged Weapons
 - Level 3.3 Dodging
 - Level 2.6 Stealth


You had 8 spell levels left.
You didn't know any spells.
Your spell library contained the following spells:

 Spells                   Type           Power      Damage    Failure   Level
 Sandblast                Erth           0%         2d4       34%         1
 Scorch                   Fire           0%         2d5       47%         2
 Dazzling Flash           Conj/Hex       0%         N/A       71%         3
 Mephitic Cloud           Conj/Alch/Air  0%         N/A       71%         3
 Passwall                 Erth           0%         N/A       71%         3
 Stone Arrow              Conj/Erth      0%         3d7       71%         3
 Tukima's Dance           Hex            0%         N/A       71%         3
 Volatile Blastmotes      Fire/Tloc      0%         2d10      71%         3
 Brom's Barrelling Bould  Conj/Erth      0%         2d3       98%         4
 Flame Wave               Conj/Fire      0%         2d4       98%         4
 Passage of Golubria      Tloc           0%         N/A       98%         4
 Curse of Agony           Necr           0%         N/A       100%        5
 Silence                  Hex/Air        0%         N/A       100%        5
 Yara's Violent Unravell  Hex/Alch       0%         3d3       100%        5
 Starburst                Conj/Fire      0%         6d3       100%        6
 Summon Cactus Giant      Summ           0%         N/A       100%        6
 Maxwell's Capacitive Co  Air            0%         ∞         100%        8


Dungeon Overview and Level Annotations

Branches:
Dungeon (6/15)
 Temple: D:4-7

Altars:
Cheibriados
Dithmenos
Hepliaklqana
Kikubaaqudgha
Sif Muna
Uskayaw
Wu Jian
Xom
The Shining One

Shops:
D:1 ?   D:2 (   D:6 !


Innate Abilities, Weirdness & Mutations

You are very small and have problems with some larger weapons.
You are too small for most types of armour.
You have supernaturally acute eyesight. (SInv)
You cover ground extremely quickly. (Speed+++)


Message History

The arrow hits the steam dragon but does no damage.
Fire: a) +0 shortbow
Press: ? - help, Q - select action, (/) - cycle Shift-Dir - straight line, f/p - steam dragon
Aim: a steam dragon (70% to hit)
You shoot an arrow.
The arrow hits the steam dragon but does no damage.
Fire: a) +0 shortbow
Press: ? - help, Q - select action, (/) - cycle Shift-Dir - straight line, f/p - steam dragon
Aim: a steam dragon (70% to hit)
You shoot an arrow.
The arrow barely misses the steam dragon.
Fire: a) +0 shortbow
Press: ? - help, Q - select action, (/) - cycle Shift-Dir - straight line, f/p - steam dragon
Aim: a steam dragon (70% to hit)
You shoot an arrow.
The arrow closely misses the steam dragon.
Fire: a) +0 shortbow
Press: ? - help, Q - select action, (/) - cycle Shift-Dir - straight line, f/p - steam dragon
Aim: a steam dragon (70% to hit)
You shoot an arrow.
The arrow hits the steam dragon but does no damage.
Fire: a) +0 shortbow
Press: ? - help, Q - select action, (/) - cycle Shift-Dir - straight line, f/p - steam dragon
Aim: a steam dragon (70% to hit)
You shoot an arrow.
The arrow completely misses the steam dragon.
Fire: a) +0 shortbow
Press: ? - help, Q - select action, (/) - cycle Shift-Dir - straight line, f/p - steam dragon
Aim: a steam dragon (70% to hit)
You shoot an arrow.
The arrow hits the steam dragon but does no damage.
The steam dragon attacks as it pursues you!
The steam dragon misses you. x2
The steam dragon breathes steam at you. The ball of steam hits you!!
Ouch! That really hurt!
* * * LOW HITPOINT WARNING * * *
The steam dragon breathes steam at you. The ball of steam hits you!
You die...

#..§..# #...§§## #...D.§# ######
#...§..# #....# #......# #....#
#......## ##....#########
#.....)#..#.§###.............#
#.D>.......#.§#..............##
.#...).......#.@................
.o..............................
#............#.................
#.............................#
###............................
#..........#.................
#........###..............##
##........###......#......##
###..^.......# .##..#<#####


There were no monsters in sight!

Vanquished Creatures
  A steam dragon (D:6)
  2 water moccasins
  A black bear (D:6)
  2 orc warriors (D:5)
  A centaur (D:5)
  A bullfrog (D:5)
  2 kobold brigands
  3 scorpions
  2 bombardier beetles
  3 hounds
  2 jellies
  5 orc priests
  A gnoll bouda (D:4)
  3 orc wizards
  An iguana (D:4)
  4 gnolls (D:4)
  9 adders
  A shadow imp (D:5)
  A white imp (D:5)
  3 dart slugs
  2 ribbon worms
  37 orcs
  10 endoplasms
  5 giant cockroaches
  6 hobgoblins
  5 jackals
  2 quokkas
  13 ball pythons
  2 bats (D:1)
  12 frilled lizards
  7 goblins
  12 kobolds
  4 rats (D:3)
165 creatures vanquished.

Vanquished Creatures (collateral kills)
  Grinder (D:6)
  2 orcs (D:3)
3 creatures vanquished.

Grand Total: 168 creatures vanquished

Notes
Turn   | Place    | Note
-------+----------+-------------------------------------------
     0 | D:1      | anacleto the Spriggan Hunter began the quest for the Orb.
     0 | D:1      | Reached XP level 1. HP: 10/10 MP: 2/2
   182 | D:1      | Reached XP level 2. HP: 15/15 MP: 3/3
   222 | D:1      | Reached XP level 3. HP: 16/18 MP: 4/4
   248 | D:1      | Found Egyur's Magic Scroll Shop.
   261 | D:1      | Bought a scroll of teleportation for 36 gold pieces
   261 | D:1      | Bought a scroll of identify for 24 gold pieces
   701 | D:2      | Found Ivuodes's Weapon Boutique.
   767 | D:1      | Reached skill level 5 in Ranged Weapons
   767 | D:1      | Reached XP level 4. HP: 13/23 MP: 5/5
  1650 | D:3      | Reached XP level 5. HP: 26/26 MP: 6/6
  1665 | D:2      | Reached skill level 6 in Ranged Weapons
  1849 | D:3      | Found a shadowy altar of Dithmenos.
  1948 | D:3      | Found a shimmering altar of Xom.
  2060 | D:3      | Found an ancient bone altar of Kikubaaqudgha.
  2062 | D:3      | Found a hazy altar of Hepliaklqana.
  2062 | D:3      | Found a snail-covered altar of Cheibriados.
  2063 | D:3      | Found an ornate altar of the Wu Jian Council.
  2063 | D:3      | Found a glowing golden altar of the Shining One.
  2107 | D:3      | Reached XP level 6. HP: 3/30 MP: 7/7
  2107 | D:3      | HP: 2/45 [poisoned by a kobold brigand]
  2401 | D:3      | Reached skill level 7 in Ranged Weapons
  3029 | D:4      | Reached skill level 8 in Ranged Weapons
  3029 | D:4      | Reached XP level 7. HP: 24/35 MP: 8/8
  3053 | D:4      | Found a shimmering blue altar of Sif Muna.
  3563 | D:5      | Entered Level 5 of the Dungeon
  3987 | D:4      | Reached skill level 9 in Ranged Weapons
  4593 | D:4      | Reached XP level 8. HP: 36/39 MP: 9/9
  4884 | D:5      | HP: 1/39 [orc warrior/+0 glaive (15)]
  5116 | D:5      | Reached skill level 10 in Ranged Weapons
  5142 | D:5      | Identified the +5 lajatang "Uxuruvuh" {flame, rElec Int+3
                  | Dex+4}
  5431 | D:5      | Found a hide-covered altar of Uskayaw.
  5661 | D:6      | Found Goteg's Distillery.
  5711 | D:6      | Reached skill level 11 in Ranged Weapons
  6423 | D:6      | Noticed Grinder
  6452 | D:6      | Killed Grinder
  6521 | D:5      | Reached skill level 12 in Ranged Weapons
  6521 | D:5      | Reached XP level 9. HP: 40/42 MP: 10/10
  6784 | D:6      | Killed from afar by a steam dragon

Illustrated notes

Levels and vault maps discovered:
D:1:      dpeg_arrival_signposts, layout_rooms, serial_shops, shop
D:2:      minmay_chambers_of_ones, layout_rooms, serial_shops,
          nicolae_shop_scrapyard, eino_tiny_chamber
D:3:      layout_loops_ring, grunt_temple_overflow_open,
          mainiacjoe_overflow_paths
D:4:      layout_loops_ring, mainiacjoe_overflow_chevrons,
          kennysheep_generic_room_10
D:5:      layout_cave_pools, lemuel_coloured_pillars_altar, serial_park_tiny_2,
          minmay_lizard_king
D:6:      layout_rooms, serial_shops, shop, uniq_grinder

Skill      XL: |  1  2  3  4  5  6  7  8 |
---------------+-------------------------+-----
Stealth        | 2 |  2.6
Dodging        | 3 |  3.3
Fighting       | 2 |  2.0
Ranged Weapons | 5 6 8 9 12 | 12.4

Action                     |  1- 3 |  4- 6 |  7- 9 || total
---------------------------+-------+-------+-------++-------
   Fire: Shortbow          |    87 |   219 |   385 ||   691
Ability: Begin Untransform |       |       |     1 ||     1
  Evoke: Wand              |       |       |     1 ||     1
    Use: Scroll            |       |     9 |     4 ||    13
         Potion            |       |     3 |       ||     3
 Armour: Robe              |    15 |    22 |    50 ||    87
  Dodge: Dodged            |    20 |    62 |   112 ||   194
   Form: Flux              |       |       |     1 ||     1

Table legend: (Time is in decaauts)
 A = Elapsed time spent in this place.
 B = Non-inter-level travel time spent in this place.
 C = Inter-level travel time spent in this place.
 D = Time resting spent in this place.
 E = Time spent auto-exploring this place.
 F = Levels seen in this place.
 G = Mean time per level.
                   A        B        C        D        E       F      G
               +--------+--------+--------+--------+--------+-----+--------+
         Total |   4959 |   4693 |    266 |   1018 |   1782 |   6 |  826.5 |
       Dungeon |   4959 |   4693 |    266 |   1018 |   1782 |   6 |  826.5 |
               +--------+--------+--------+--------+--------+-----+--------+

Top non-repeatable levels by time:
     D:4: 1522 daAuts
     D:6: 920 daAuts
     D:2: 695 daAuts
     D:3: 674 daAuts
     D:5: 665 daAuts
     D:1: 481 daAuts
